 Dungeon Crawl Stone Soup version 0.28-a0-1613-gdaab1c2f9b (webtiles) character file.

Game seed: 1217502813385202716

113 Pin the Skirmisher (level 4, -1/41 HPs)
             Began as a Hill Orc Fighter on Jan 22, 2022.
             Slain by Grinder (7 damage)
             ... on level 3 of the Dungeon.
             The game lasted 00:03:32 (2674 turns).

Pin the Skirmisher (Hill Orc Fighter)               Turns: 2674, Time: 00:03:32

Health: -1/41      AC:  7    Str: 20    XL:     4   Next: 96%
Magic:  4/4        EV:  9    Int:  8    God:
Gold:   92         SH:  4    Dex: 10    Spells: 3/3 levels left

rFire   . . .      SeeInvis .   a - +0 war axe
rCold   . . .      Faith    .   c - +0 buckler
rNeg    . . .      Spirit   .   b - +0 scale mail
rPois   .          Reflect  .   (no helmet)
rElec   .          Harm     .   (no cloak)
rCorr   .          Rampage  .   (no gloves)
Will    .....                   (no boots)
Stlth   ..........              (no amulet)
HPRegen 0.13/turn               (no ring)
MPRegen 0.09/turn               (no ring)

@: no status effects
A: no striking features
a: no special abilities


You were on level 3 of the Dungeon.
You visited 1 branch of the dungeon, and saw 3 of its levels.

You collected 92 gold pieces.

Inventory:

Hand Weapons
 a - a +0 war axe (weapon)
Armour
 b - a +0 scale mail (worn)
 c - a +0 buckler (worn)
Scrolls
 e - 3 scrolls of identify {unknown}
 g - a scroll of enchant armour {unknown}
 h - 3 scrolls of fog {unknown}
 i - a scroll of teleportation {unknown}
 l - a scroll of torment {unknown}
 n - 3 scrolls of immolation {unknown}
 o - a scroll of blinking {unknown}
Potions
 d - a potion of might
 f - a potion of curing {unknown}
 j - a potion of attraction {unknown}
 k - a potion of mutation {unknown}
 m - a potion of brilliance {unknown}
 p - a potion of heal wounds {unknown}


   Skills:
 + Level 4.5 Fighting
 + Level 4.0 Axes
 + Level 4.1 Armour
 + Level 4.1 Shields


You had 3 spell levels left.
You didn't know any spells.
Your spell library was empty.

Dungeon Overview and Level Annotations

Branches:
Dungeon (3/15)

Altars:
Gozag
Yredelemnul

Annotations:
D:3 Grinder


Message History

You barely miss Grinder. Grinder hits you but does no damage.
You completely miss Grinder. Grinder completely misses you.
You slash Grinder!
Grinder is moderately wounded.
Grinder hits you but does no damage. Grinder gestures at you.
You suddenly lose the ability to move!
Grinder hits you but does no damage. Grinder gestures at you.
You shrug off the repeated paralysis!
Grinder hits you.
You writhe in agony.
Grinder gestures at you. Pain shoots through your body!
Grinder barely misses you.
You can move again.
You slash Grinder!
Grinder is severely wounded.
Grinder hits you.
You hit Grinder.
Grinder is severely wounded.
Grinder blinks!
Grinder hits you but does no damage.
You hit Grinder.
Grinder is severely wounded.
Grinder gestures at you.
You suddenly lose the ability to move!
Grinder hits you!
* * * LOW HITPOINT WARNING * * *
You writhe in agony.
* * * LOW HITPOINT WARNING * * *
Grinder blinks!
You can move again.
Unknown command.
You start resting.
Grinder is nearby!
Grinder is nearby!
You block Grinder's attack.
You barely miss Grinder.
Grinder is severely wounded.
Grinder hits you!
You die...

...........#####......)....
#########.#............)####
........................# #
#.#######.#.#########...# #
#.##.#... ..# #...## #
###....##### #.# #....# #
#...####.... #.# #..#.# #
#.### #5#.# #.# #..#.# # #.#
#@#.# #.# ##.#.# # #.#
#.#.###.# #.#.# #.#
#.......####.#.#
##.########+###......#.#
#...............######.#
#..######.......### #.#
#.......#.........# #.#
##.####.#......##># #.# #..#
#.#......##.# #.#


You could see Grinder.

Vanquished Creatures
  An orc wizard (D:3)
  3 adders
  A dart slug (D:3)
  7 orcs
  4 bats
  2 endoplasms (D:1)
  A giant cockroach (D:2)
  6 goblins
  5 hobgoblins
  A quokka (D:1)
  5 ball pythons
  3 frilled lizards
  5 kobolds
  9 rats
53 creatures vanquished.

Notes
Turn   | Place    | Note
-------+----------+-------------------------------------------
     0 | D:1      | Pin the Hill Orc Fighter began the quest for the Orb.
     0 | D:1      | Reached XP level 1. HP: 19/19 MP: 1/1
   251 | D:1      | Found a faded altar of an unknown god.
   268 | D:1      | Reached XP level 2. HP: 27/27 MP: 2/2
   750 | D:1      | Reached XP level 3. HP: 29/33 MP: 3/3
  1438 | D:2      | Found a basalt altar of Yredelemnul.
  1703 | D:2      | Reached XP level 4. HP: 40/40 MP: 4/4
  2210 | D:3      | Found an opulent altar of Gozag.
  2654 | D:3      | Noticed Grinder
  2657 | D:3      | Paralysed by Grinder for 6 turns
  2667 | D:3      | Paralysed by Grinder for 3 turns
  2674 | D:3      | Slain by Grinder

Illustrated notes

Levels and vault maps discovered:
D:1:      eino_arrival_water_star, layout_basic,
          chequers_ecumenical_altar_simple, feat_on_display
D:2:      layout_loops_ring, basic_altar, grunt_ministairs_5, grunt_decor_cap
D:3:      layout_basic, dk_yredelemnul_ordeal, overflow_temple_1_default,
          uniq_grinder, uniq_terence

Skill      XL: |  1  2  3  4 |
---------------+-------------+-----
Axes           | 3 4 |  4.0
Fighting       | 4 |  4.5
Armour         | 4 |  4.1
Shields        | 4 |  4.1

Action                   |  1- 3 |  4- 6 || total
-------------------------+-------+-------++-------
Melee: War axe           |    98 |    59 ||   157
Armor: Scale mail        |    40 |    34 ||    74
Dodge: Dodged            |    35 |    26 ||    61
Block: Buckler           |    29 |    14 ||    43

Table legend: (Time is in decaauts)
 A = Elapsed time spent in this place.
 B = Non-inter-level travel time spent in this place.
 C = Inter-level travel time spent in this place.
 D = Time resting spent in this place.
 E = Time spent auto-exploring this place.
 F = Levels seen in this place.
 G = Mean time per level.
                   A        B        C        D        E       F      G
               +--------+--------+--------+--------+--------+-----+--------+
         Total |   2732 |   2643 |     89 |    438 |   1823 |   3 |  910.7 |
       Dungeon |   2732 |   2643 |     89 |    438 |   1823 |   3 |  910.7 |
               +--------+--------+--------+--------+--------+-----+--------+

Top non-repeatable levels by time:
     D:2: 1283 daAuts
     D:1: 973 daAuts
     D:3: 475 daAuts
